 Dungeon Crawl Stone Soup version 0.31.0-11-ge490571c62 (webtiles) character file.

Game seed: 15359951126631383597

60 Rassilon the Covered (level 4, -1/29 HPs)
             Began as a Gargoyle Fighter on Feb 1, 2024.
             Slain by a gnoll
             ... wielding a +0 flail
              (3 damage)
             ... on level 2 of the Dungeon.
             The game lasted 00:05:11 (1591 turns).

Rassilon the Covered (Gargoyle Fighter)             Turns: 1591, Time: 00:05:12

Health: -1/29      AC: 10    Str: 22    XL:     4   Next: 4%
Magic:  4/4        EV:  9    Int:  8    God:
Gold:   57         SH:  4    Dex:  9    Spells: 3/3 levels left

rFire   . . .        a - +0 flail
rCold   . . .        c - +0 buckler
rNeg    + . .        b - +0 scale mail
rPois   ∞            (no helmet)
rElec   +            (no cloak)
rCorr   .            (no gloves)
SInv    .            (no boots)
Will    .....        (no amulet) Stlth
                     (no ring)
HPRegen 0.24/turn    (no ring)
MPRegen 0.09/turn

%: no passive effects
@: no status effects
A: sickness immunity, AC +3, negative energy resistance 1, electricity
resistance, torment resistance 1, petrification resistance
a: no special abilities


You were on level 2 of the Dungeon.
You visited 1 branch of the dungeon, and saw 2 of its levels.

You collected 57 gold pieces.

Inventory:

Hand Weapons
 a - a +0 flail (weapon)
Armour
 b - a +0 scale mail (worn)
 c - a +0 buckler (worn)
Scrolls
 h - 3 scrolls of fear {unknown}
 i - 5 scrolls of identify {unknown}
 j - a scroll of blinking {unknown}
 m - a scroll of teleportation {unknown}
 o - a scroll of immolation {unknown}
Potions
 d - 2 potions of might
 e - a potion of heal wounds {unknown}
 f - a potion of lignification {unknown}
 g - a potion of attraction {unknown}
 k - a potion of degeneration {unknown}
 l - a potion of cancellation {unknown}
 n - 2 potions of curing {unknown}


   Skills:
 + Level 3.7 Fighting
 * Level 3.0 Maces & Flails
 + Level 3.7 Armour
 + Level 3.7 Shields


You had 3 spell levels left.
You didn't know any spells.
Your spell library was empty.

Dungeon Overview and Level Annotations

Branches:
Dungeon (2/15)

Altars:


Innate Abilities, Weirdness & Mutations

You are immune to sickness and miasma.
Your stone body is resilient. (AC +3)
You are immune to poison.
You resist negative energy. (rN+)
You are resistant to electric shocks. (rElec)
You are resistant to unholy torment.
You are immune to petrification.


Message History

The gnoll hits you with a +0 spear.
You barely miss the gnoll.
A rat comes into view.
The gnoll hits you with a +0 spear.
The gnoll hits you but does no damage. x2
The rat squeaks loudly.
The gnoll hits you but does no damage.
You sock the gnoll!
The gnoll is severely wounded.
The gnoll closely misses you. The gnoll barely misses you.
The gnoll attacks as it pursues you! You block the gnoll's attack.
You closely miss the gnoll.
The gnoll is heavily wounded.
The gnoll hits you but does no damage.
You hit the gnoll.
You kill the gnoll!
Your Maces & Flails skill increases to level 3!
You have reached level 4!
You feel stronger.
You closely miss the gnoll. The gnoll hits you with a +0 flail.
You block the gnoll's attack. The gnoll hits you but does no damage.
You closely miss the gnoll. The gnoll hits you but does no damage.
You block the gnoll's attack.
You closely miss the gnoll. The gnoll hits you but does no damage.
The gnoll hits you with a +0 flail.
You barely miss the gnoll. You block the gnoll's attack.
The gnoll hits you with a +0 flail!
The gnoll hits you from afar with a +0 spear.
* * * LOW HITPOINT WARNING * * *
The gnoll barely misses you.
You barely miss the rat. You block the rat's attack.
You barely miss the rat. The rat closely misses you. The rat barely misses you.
The gnoll barely misses you. You block the rat's attack.
You hit the rat.
You kill the rat!
The gnoll hits you from afar with a +0 spear!
* * * LOW HITPOINT WARNING * * *
The gnoll barely misses you. The gnoll hits you with a +0 flail.
You die...

#........ #........
#...##### #...#
##### ###########
#.@.......#
##g##......#########
#~g~#......'........
#~.~#......#########
#~.~#####.## #~.~#
###÷######
#~.~###........#
#~.≈#.#........#####
#~.~#..............#


You could see 2 gnolls.

Vanquished Creatures
  A gnoll (D:2)
  A dart slug (D:2)
  2 bats (D:1)
  2 endoplasms (D:1)
  7 giant cockroaches
  2 goblins (D:1)
  7 hobgoblins
  3 jackals (D:2)
  6 quokkas
  3 ball pythons
  4 frilled lizards (D:1)
  2 kobolds (D:1)
  A rat (D:2)
41 creatures vanquished.

Notes
Turn   | Place    | Note
-------+----------+-------------------------------------------
     0 | D:1      | Rassilon the Gargoyle Fighter began the quest for the Orb.
     0 | D:1      | Reached XP level 1. HP: 14/14 MP: 1/1
    91 | D:1      | Reached XP level 2. HP: 10/19 MP: 2/2
   535 | D:1      | Reached XP level 3. HP: 22/23 MP: 3/3
   594 | D:1      | Found a faded altar of an unknown god.
  1581 | D:2      | Reached XP level 4. HP: 23/29 MP: 4/4
  1591 | D:2      | Slain by a gnoll

Illustrated notes

Levels and vault maps discovered:
D:1:      erik_arrival_cave_to_civilisation [erik_arrival_cave_to_hall],
          layout_basic, hellmonk_ecumenical_altar_crossroads, st_stairs_4,
          glass_columns_a, minmay_misc_feat_pillars,
          chequers_serial_rivers_micro_c, minmay_pentomino_q4
D:2:      layout_basic, amcnicky_mini_rare_corridor_liquid, serial_park_tiny_2

Skill      XL: |  1  2  3 |
---------------+----------+-----
Maces & Flails | 3 |  3.0
Fighting       | |  3.7
Armour         | |  3.7
Shields        | |  3.7

Action                     |  1- 3 |  4- 6 || total
---------------------------+-------+-------++-------
  Melee: Flail             |   167 |     7 ||   174
 Armour: Scale mail        |   125 |     9 ||   134
  Dodge: Dodged            |    91 |     5 ||    96
  Block: Buckler           |    32 |     5 ||    37
